 Dungeon Sprint DCSS version 0.19-a0-1490-g5dd3618 (webtiles) character file.

19528 poirepourri the Ninja (level 12, -2/45 HPs)
             Began as a Spriggan Enchanter on Sept 8, 2016.
             Was the Champion of Dithmenos.
             Slain by a fire giant
             ... wielding a +0 great sword of flaming
              (5 damage)
             ... in the Dungeon (Sprint I: "Red Sonja").
             The game lasted 00:09:32 (2699 turns).

poirepourri the Ninja (Spriggan Enchanter)          Turns: 2699, Time: 00:09:34

Health: -2/45      AC:  6    Str:  2    XL:     12   Next: 37%
Magic:  19/32      EV: 34    Int: 15    God:    Dithmenos [******]
Gold:   217        SH: 11    Dex: 19    Spells: 5 memorised, 30 levels left

rFire  . . .     SeeInvis +     l - +2 dagger (freeze)
rCold  . . .     Gourm    .     o - +2 robe of Inviolability {+Blink MR+}
rNeg   . . .     Faith    .     p - +3 warlock's mirror {reflect}
rPois  .         Spirit   .     (helmet restricted)
rElec  .         Dismiss  .     (no cloak)
rCorr  .         Reflect  +     (gloves unavailable)
MR     +++..     Harm     .     (boots unavailable)
Stlth  ++++++++++ NoTele   +    (no amulet)
                                (no ring)
                                q - +4 ring of evasion

@: wreathed by umbra, very quick
A: unfitting armour, horns 1, iridescent scales 1, see invisible, clumsy 1,
dopey 1, herbivore 3, speed 3, frail 1, screaming 1, slow metabolism 2, weak 1,
sturdy frame 1
a: Shadow Step, Shadow Form, Renounce Religion, Evoke Blink


You were in the Dungeon.
You worshipped Dithmenos.
Dithmenos was exalted by your worship.
You were not hungry.

You visited 1 branch You collected 1385 gold pieces.
You spent 1168 gold pieces at shops.

Inventory:

Hand Weapons
 a - a +1 dagger
 j - a +0 blowgun
 l - a +2 dagger of freezing (weapon)
 n - a +0 short sword of venom
Missiles
 m - 14 poisoned needles
Armour
 b - a +1 robe
 o - the +2 robe of Inviolability (worn) {+Blink MR+}
   (You bought it in a shop in the Dungeon)

   It affects your resistance to hostile enchantments.
   It lets you blink.
 p - the +3 warlock's mirror (worn) {reflect}
   (You bought it in a shop in the Dungeon)
Jewellery
 q - a +4 ring of evasion (left hand)
Wands
 f - a wand of polymorph (14/24)
 k - a wand of acid (8/15)
Potions
 e - 3 potions of curing
 g - a potion of haste
 h - 2 potions of magic
 i - a potion of brilliance
 s - a potion of degeneration {unknown}
Books
 c - a book of Maledictions

   Spells                             Type                      Level
   a - Corona                         Hexes                        1
   b - Ensorcelled Hibernation        Hexes/Ice                    2
   c - Confuse                        Hexes                        3
   d - Tukima's Dance                 Hexes                        3
   e - Dazzling Spray                 Conjuration/Hexes            3
 r - a book of Misfortune

   Spells                             Type                      Level
   a - Confusing Touch                Hexes                        1
   b - Confuse                        Hexes                        3
   c - Gell's Gravitas                Hexes/Translocation          3
   d - Petrify                        Transmutation/Earth          4
   e - Metabolic Englaciation         Hexes/Ice                    5
   f - Yara's Violent Unravelling     Hexes/Transmutation          5
Comestibles
 d - a bread ration


   Skills:
 + Level 5.9 Short Blades
 + Level 12.9 Dodging
 O Level 27 Stealth
 * Level 5.3 Shields
 + Level 15.6 Spellcasting
 + Level 0.7 Conjurations
 + Level 18.3 Hexes
 + Level 5.2 Ice Magic
 + Level 2.4 Invocations
 + Level 1.1 Evocations


You had 30 spell levels left.
You knew the following spells:

 Your Spells              Type           Power        Failure   Level  Hunger
a - Corona                Hex            ######.      0%          1    None
b - Ensorcelled Hibernat  Hex/Ice        #####.       1%          2    None
c - Confuse               Hex            ######..     0%          3    None
d - Tukima's Dance        Hex            ######..     0%          3    None
e - Dazzling Spray        Conj/Hex       #####.       1%          3    None


Dungeon Overview and Level Annotations

Branches:
Dungeon (1/1)

Altars:
Cheibriados
Dithmenos
Elyvilon
Fedhas
Gozag
Hepliaklqana
Kikubaaqudgha
Makhleb
Nemelex Xobeh
Okawaru
Qazlal
Ru
Sif Muna
Trog
Uskayaw
Vehumet
Xom
Yredelemnul
Zin
The Shining One
Jiyva
Lugonu

Shops:
D }[=(*?


Innate Abilities, Weirdness & Mutations

You are tiny and cannot use many weapons and most armour.
You have supernaturally acute eyesight. (SInv)
You are a herbivore.
You cover ground extremely quickly.
You need consume almost no food.
You have a pair of small horns on your head.
You are partially covered in iridescent scales. (AC +2)
You are clumsy. (Dex -2)
You are dopey. (Int -2)
You are frail. (-10% HP)
You occasionally shout uncontrollably at your foes.
You are weak. (Str -2)
Your movements are slightly less encumbered by armour. (ER -2)


Message History

Casting: Ensorcelled Hibernation
Confirm with . or Enter, or press ? or * to list all spells.
Aiming: Ensorcelled Hibernation
Press: ? - help, Shift-Dir - straight line, f/p - fire giant
Aim: a fire giant, wielding a great sword of flaming (umbra, chance to defeat MR: 21%)
The fire giant resists with almost no effort.
The fire giant gestures at you while chanting.
The bolt of fire misses you.
Casting: Ensorcelled Hibernation
Confirm with . or Enter, or press ? or * to list all spells.
Aiming: Ensorcelled Hibernation
Press: ? - help, Shift-Dir - straight line, f/p - fire giant
Aim: a fire giant, wielding a great sword of flaming (umbra, chance to defeat MR: 21%)
The fire giant resists with almost no effort.
Your shadow mimicks your spell!
The fire giant resists with almost no effort.
The fire giant hits you with a great sword of flaming!
* * * LOW HITPOINT WARNING * * *
You emit a cloud of dark smoke.
The fire giant burns you.
You die...

## ###.#^§##
#..#+### .+ #.#..#
##...# ######§##'#
###.# ....##.##)#
#.# .....§§####
#.# ######§#
####'# #§###
###§...#
+§#$![#####§§§####
###$....)§C@###
#(((....#####
#$[...§## #?.C..#
#$$$$$ ######
#≈≈≈≈ #####


You could see a fire giant.

Vanquished Creatures
  3 fire giants (D)
  A hydra (D)
  2 centaur warriors (D)
  Sonja (D)
  7 unseen horrors (D)
  A deep troll (D)
  8 shining eyes (D)
  A lindwurm (D)
  An oklob plant (D)
  A gargoyle (D)
  2 kobold demonologists (D)
  4 demonic crawlers (D)
  A slime creature (D)
  2 redbacks (D)
  Sigmund (D)
  A yak (D)
  13 hogs (D)
  6 giant eyeballs (D)
  A wasp (D)
  An ogre (D)
  A jelly (D)
  Ijyb (D)
  A ballistomycete (D)
  A giant spore (D)
62 creatures vanquished.

Vanquished Creatures (others)
  A gargoyle (D)
  A giant spore (D)
2 creatures vanquished.

Grand Total: 64 creatures vanquished

Notes
Turn   | Place    | Note
-------+----------+-------------------------------------------
     0 | D        | poirepourri the Spriggan Enchanter began the quest for the Orb.
     0 | D        | Reached XP level 1. HP: 9/9 MP: 5/5
     3 | D        | Noticed Ijyb
    15 | D        | Killed Ijyb
    15 | D        | Reached skill level 6 in Stealth
    15 | D        | Reached skill level 5 in Hexes
    15 | D        | Reached XP level 2. HP: 13/13 MP: 5/7
    24 | D        | Learned a level 2 spell: Ensorcelled Hibernation
    41 | D        | Noticed an ogre
    43 | D        | Killed an ogre
    43 | D        | Reached skill level 5 in Dodging
    43 | D        | Reached skill level 9 in Stealth
    43 | D        | Reached XP level 3. HP: 16/16 MP: 8/10
    43 | D        | Reached XP level 4. HP: 21/21 MP: 8/11
    46 | D        | Noticed Sigmund
    57 | D        | Killed Sigmund
    57 | D        | Reached skill level 11 in Stealth
    57 | D        | Reached skill level 10 in Hexes
    57 | D        | Reached XP level 5. HP: 24/24 MP: 9/14
    96 | D        | Learned a level 3 spell: Confuse
   100 | D        | Learned a level 3 spell: Tukima's Dance
   104 | D        | Learned a level 3 spell: Dazzling Spray
   122 | D        | Found a deep blue altar of Sif Muna.
   124 | D        | Found a radiant altar of Vehumet.
   128 | D        | Reached skill level 12 in Stealth
   128 | D        | Reached XP level 6. HP: 28/28 MP: 16/16
   168 | D        | Found Geisuw Pogu's Weapon Emporium.
   168 | D        | Found an ancient bone altar of Kikubaaqudgha.
   168 | D        | Found a hazy altar of Hepliaklqana.
   168 | D        | Found a stormy altar of Qazlal.
   168 | D        | Found a hide-covered altar of Uskayaw.
   168 | D        | Found a blossoming altar of Fedhas.
   168 | D        | Found a bloodstained altar of Trog.
   168 | D        | Found an iron altar of Okawaru.
   168 | D        | Found a basalt altar of Yredelemnul.
   168 | D        | Found a glowing golden altar of the Shining One.
   168 | D        | Found a snail-covered altar of Cheibriados.
   168 | D        | Found a sacrificial altar of Ru.
   168 | D        | Found a glowing silver altar of Zin.
   168 | D        | Found a shadowy altar of Dithmenos.
   168 | D        | Found a white marble altar of Elyvilon.
   168 | D        | Noticed a yak
   169 | D        | Found an opulent altar of Gozag.
   170 | D        | Killed a yak
   170 | D        | Reached skill level 13 in Stealth
   171 | D        | Found a sparkling altar of Nemelex Xobeh.
   179 | D        | Became a worshipper of Dithmenos the Shadowed
   184 | D        | Bought 14 poisoned needles for 67 gold pieces
   200 | D        | Noticed a centaur warrior
   202 | D        | Noticed a centaur warrior
   219 | D        | Killed a centaur warrior
   219 | D        | Reached skill level 16 in Stealth
   219 | D        | Reached skill level 1 in Ice Magic
   219 | D        | Reached XP level 7. HP: 4/32 MP: 11/20
   219 | D        | Reached XP level 8. HP: 5/36 MP: 11/21
   227 | D        | Killed a centaur warrior
   227 | D        | Reached skill level 17 in Stealth
   297 | D        | Found a burning altar of Makhleb.
   297 | D        | Found a viscous altar of Jiyva.
   297 | D        | Found a shimmering altar of Xom.
   297 | D        | Found a corrupted altar of Lugonu.
   297 | D        | Noticed a slime creature
   302 | D        | Killed a slime creature
   302 | D        | Reached * piety under Dithmenos
   302 | D        | Reached skill level 18 in Stealth
   341 | D        | Noticed a deep troll
   343 | D        | Killed a deep troll
   343 | D        | Reached skill level 10 in Dodging
   343 | D        | Reached skill level 19 in Stealth
   343 | D        | Reached skill level 10 in Spellcasting
   343 | D        | Reached XP level 9. HP: 39/39 MP: 22/24
   357 | D        | Noticed Sonja
   360 | D        | Killed Sonja
   500 | D        | Killed a gargoyle
   754 | D        | Reached ** piety under Dithmenos
   767 | D        | Noticed an oklob plant
   769 | D        | Killed an oklob plant
   769 | D        | Reached skill level 20 in Stealth
   769 | D        | Reached skill level 15 in Hexes
   821 | D        | Noticed a kobold demonologist
   822 | D        | Noticed a kobold demonologist
   825 | D        | Killed a kobold demonologist
   825 | D        | Reached *** piety under Dithmenos
   825 | D        | Reached skill level 21 in Stealth
   825 | D        | Reached XP level 10. HP: 44/44 MP: 25/25
   856 | D        | Reached skill level 22 in Stealth
   857 | D        | Reached **** piety under Dithmenos
   943 | D        | Noticed a gargoyle
   957 | D        | Noticed a lindwurm
   961 | D        | Killed a lindwurm
   961 | D        | Reached ***** piety under Dithmenos
   961 | D        | Reached skill level 23 in Stealth
   981 | D        | Killed a gargoyle
  1080 | D        | Found Bixa's Gadget Boutique.
  1113 | D        | Noticed a shining eye
  1113 | D        | Noticed a shining eye
  1113 | D        | Noticed a shining eye
  1113 | D        | Noticed a shining eye
  1113 | D        | Noticed a shining eye
  1113 | D        | Noticed a shining eye
  1115 | D        | Noticed a shining eye
  1115 | D        | Noticed a shining eye
  1116 | D        | Killed a shining eye
  1116 | D        | Reached skill level 1 in Invocations
  1139 | D        | Paralysed by a giant eyeball for 2 turns
  1143 | D        | Gained mutation: You regenerate slowly when monsters are visible. [a shining eye]
  1150 | D        | Lost mutation: You regenerate slowly when monsters are visible. [a shining eye]
  1156 | D        | Reached skill level 24 in Stealth
  1157 | D        | Gained mutation: Your movements are slightly less encumbered by armour. (ER -2) [a shining eye]
  1159 | D        | Gained mutation: You regenerate slowly when monsters are visible. [a shining eye]
  1160 | D        | Gained mutation: You occasionally shout uncontrollably at your foes. [a shining eye]
  1167 | D        | Gained mutation: You are weak. (Str -2) [a shining eye]
  1176 | D        | Gained mutation: You have a pair of small horns on your head. [a shining eye]
  1178 | D        | Gained mutation: You are frail. (-10% HP) [a shining eye]
  1188 | D        | Lost mutation: You regenerate slowly when monsters are visible. [a shining eye]
  1201 | D        | Noticed an unseen horror
  1202 | D        | Noticed an unseen horror
  1208 | D        | Killed an unseen horror
  1210 | D        | Killed an unseen horror
  1243 | D        | Gained mutation: You are clumsy. (Dex -2) [a shining eye]
  1248 | D        | Killed a shining eye
  1248 | D        | Reached XP level 11. HP: 42/42 MP: 1/28
  1412 | D        | Gained mutation: You are dopey. (Int -2) [a shining eye]
  1423 | D        | Killed a shining eye
  1584 | D        | Killed a shining eye
  1595 | D        | Killed a shining eye
  1601 | D        | Gained mutation: You are partially covered in iridescent scales. (AC +2) [a shining eye]
  1609 | D        | Killed a shining eye
  1613 | D        | Killed a shining eye
  1613 | D        | Reached ****** piety under Dithmenos
  1613 | D        | Reached skill level 25 in Stealth
  1622 | D        | Killed a shining eye
  1673 | D        | Found Jelyosk's Armour Shoppe.
  1673 | D        | Found Lusu's Magic Scroll Boutique.
  1673 | D        | Found Hihad's Jewellery Emporium.
  1674 | D        | Found Owoelin's Assorted Antiques.
  1693 | D        | Bought the +2 robe of Inviolability {+Blink MR+} for 363 gold pieces
  1693 | D        | Bought the +3 warlock's mirror {reflect} for 342 gold pieces
  1695 | D        | Bought a +4 ring of evasion for 396 gold pieces
  1785 | D        | Reached skill level 5 in Short Blades
  1841 | D        | Reached skill level 1 in Shields
  1973 | D        | Noticed a 12-headed hydra
  2014 | D        | Killed a 12-headed hydra
  2014 | D        | Reached skill level 26 in Stealth
  2204 | D        | Paralysed by a giant eyeball for 2 turns
  2334 | D        | Noticed a daeva
  2339 | D        | Noticed an unseen horror
  2339 | D        | Noticed an unseen horror
  2339 | D        | Noticed an unseen horror
  2339 | D        | Noticed an unseen horror
  2342 | D        | Killed an unseen horror
  2343 | D        | Noticed an unseen horror
  2344 | D        | Killed an unseen horror
  2345 | D        | Killed an unseen horror
  2347 | D        | Killed an unseen horror
  2349 | D        | Killed an unseen horror
  2349 | D        | Reached XP level 12. HP: 45/45 MP: 28/31
  2664 | D        | Noticed a fire giant
  2667 | D        | Noticed a fire giant
  2668 | D        | Noticed a fire giant
  2669 | D        | Noticed a fire giant
  2671 | D        | Killed a fire giant
  2671 | D        | Reached skill level 15 in Spellcasting
  2690 | D        | Killed a fire giant
  2690 | D        | Reached skill level 27 in Stealth
  2690 | D        | Reached skill level 5 in Ice Magic
  2693 | D        | Killed a fire giant
  2693 | D        | Reached skill level 5 in Shields
  2693 | D        | Reached skill level 1 in Evocations
  2699 | D        | Slain by a fire giant

Vault maps used:
D:        dungeon_sprint_1

Skill      XL: |  1  2  3  4  5  6  7  8  9 10 11 12 |
---------------+-------------------------------------+-----
Stealth        | 6 9 11 12 16 19 21 24 26 27 | 27.0
Spellcasting   | 3 4 6 8 10 12 14 15 | 15.6
Hexes          | 5 8 10 12 14 15 16 17 18 | 18.3
Dodging        | 5 6 8 10 11 12 | 12.9
Short Blades   | 2 3 4 5 |  5.9
Ice Magic      | 1 2 3 4 5 |  5.2
Invocations    | 2 |  2.4
Shields        | 3 5 |  5.3
Evocations     | 1 |  1.1
Conjurations   | |  0.7

Action                   |  1- 3 |  4- 6 |  7- 9 | 10-12 || total
-------------------------+-------+-------+-------+-------++-------
Melee: Dagger            |     8 |     5 |    26 |    95 ||   134
       Headbutt          |       |       |       |     7 ||     7
 Cast: Ensorcelled Hiber |       |     3 |       |    40 ||    43
       Confuse           |       |       |       |    13 ||    13
       Dazzling Spray    |       |       |       |     7 ||     7
       Corona            |       |       |       |     1 ||     1
Invok: Shadow Form       |       |       |       |     1 ||     1
 Abil: Evoke Blink       |       |       |       |     1 ||     1
  Use: Potion            |     1 |       |     1 |     1 ||     3
       Scroll            |       |     1 |     1 |       ||     2
 Stab: Sleeping          |     1 |     4 |    10 |    38 ||    53
       Invisible         |       |       |       |     2 ||     2
       Confused          |       |       |       |     4 ||     4
  Eat: Pizza             |       |       |       |     2 ||     2
Armor: Robe              |     1 |       |       |     1 ||     2
Dodge: Dodged            |     3 |     1 |       |    33 ||    37
Block: Buckler           |       |       |       |     6 ||     6
